 Dungeon Crawl Stone Soup version 0.32-a0-834-geaf45d8e21 (webtiles) character file.

Game seed: 13877323968448298193

5635 ytrimaz the Geomancer (level 10, -3/56 HPs)
             Began as an Octopode Earth Elementalist on Mar 25, 2024.
             Slain by a gnoll
             ... wielding a +3 spear
             ... led by a gnoll sergeant
              (7 damage)
             ... on level 9 of the Dungeon.
             The game lasted 00:17:48 (10197 turns).

ytrimaz the Geomancer (OpEE)                       Turns: 10197, Time: 00:17:49

Health: -3/56      AC:  1    Str:  9    XL:     10   Next: 74%
Magic:  3/22       EV: 18    Int: 21    God:
Gold:   582        SH:  0    Dex: 24    Spells: 13/25 levels left

rFire   . . .        q - staff of alchemy
rCold   . . .        (no shield)
rNeg    . . .        (helmet restricted)
rPois   +            (no amulet)
rElec   .            f - ring of wizardry
rCorr   .            p - +6 ring of dexterity
SInv    .            w - +6 ring of dexterity
Will    +....        A - ring of willpower
Stlth   ++++         (no ring)
HPRegen 0.29/turn    (no ring)
MPRegen 0.18/turn    (no ring)
                     (no ring)

%: wizardry (x1)
@: no status effects
A: almost no armour, amphibious, 8 rings, camouflage 1, gelatinous body 1,
(nimble swimmer 1), tentacles
a: no special abilities


You were on level 9 of the Dungeon.
You visited 2 branches of the dungeon, and saw 10 of its levels.
You also visited: Sewer.

You collected 582 gold pieces.


Innate Abilities, Weirdness & Mutations

You cannot wear most types of armour.
You are amphibious.
You can wear up to eight rings at the same time.
Your skin changes colour to match your surroundings (Stealth+).
Your rubbery body absorbs attacks. (AC +1, EV +1)
((You are camouflaged when in or above water. (Stealth+)))
You have tentacles for arms and can constrict up to eight enemies at once.


   Skills:
 + Level 6.9 Dodging
 - Level 2.6 Stealth
 + Level 8.0 Spellcasting
 - Level 3.5 Conjurations
 - Level 11.0 Earth Magic
 - Level 3.0 Alchemy


You had 13 spell levels left.
You knew the following spells:

 Your Spells              Type           Power      Damage    Failure   Level
a - Sandblast             Erth           100%       2d20      1%          1
b - Stone Arrow           Conj/Erth      76%        3d11      1%          3
c - Petrify               Alch/Erth      54%        N/A       1%          4
d - Brom's Barrelling Bo  Conj/Erth      38%        2d6       1%          4

Your spell library contained the following spells:

 Spells                   Type           Power      Damage    Failure   Level
 Magic Dart               Conj           92%        1d7       1%          1
 Searing Ray              Conj           46%        2d6       1%          2
 Passwall                 Erth           53%        N/A       1%          3
 Slow                     Hex            32%        N/A       3%          1
 Jinxbite                 Hex            16%        N/A       4%          2
 Fulminant Prism          Conj/Alch      16%        3d10      9%          4
 Confusing Touch          Hex            8%         N/A       10%         3
 Gell's Gravitas          Tloc           8%         N/A       10%         3
 Teleport Other           Tloc           8%         N/A       10%         3
 Vampiric Draining        Necr           8%         2d6       10%         3
 Volatile Blastmotes      Fire/Tloc      16%        2d11      10%         3
 Iskenderun's Mystic Bla  Conj/Tloc      15%        2d5       16%         4
 Passage of Golubria      Tloc           8%         N/A       30%         4
 Yara's Violent Unravell  Hex/Alch       11%        3d6       41%         5
 Silence                  Hex/Air        4%         N/A       61%         5
 Dispersal                Tloc           4%         N/A       99%         6
 Enfeeble                 Hex            4%         N/A       100%        7
 Lehudib's Crystal Spear  Conj/Erth      19%        10d6      100%        8

Inventory:

Missiles
 s - a throwing net
Magical Staves
 q - a staff of alchemy (weapon)
   (You found it on level 3 of the Dungeon)
Jewellery
 f - a ring of wizardry (left tentacle)
   (You found it on level 2 of the Dungeon)
 p - a +6 ring of dexterity (right tentacle)
   (You found it on level 3 of the Dungeon)
 u - the amulet of Elemental Vulnerability {rPois rF-- rC-- AC+8}
   (You found it on level 2 of the Dungeon)

   [amulet of nothing]

   AC+8:      It affects your AC (+8).
   rF--:      It makes you very vulnerable to fire.
   rC--:      It makes you very vulnerable to cold.
   rPois:     It protects you from poison.
 w - a +6 ring of dexterity (on tentacle)
   (You found it on level 6 of the Dungeon)
 A - a ring of willpower (on tentacle)
   (You found it on level 9 of the Dungeon)
Talismans
 B - a maw talisman
   (You found it on level 9 of the Dungeon)
Wands
 g - a wand of charming (12)
   (You took it off Maurice on level 8 of the Dungeon)
 t - a wand of flame (9)
   (You took it off Grinder on level 5 of the Dungeon)
Scrolls
 i - 2 scrolls of blinking
 v - 2 scrolls of fear
 x - a scroll of enchant armour
Potions
 b - a potion of degeneration {unknown}
 c - a potion of enlightenment
 d - 6 potions of curing
 h - a potion of brilliance {unknown}
 j - a potion of resistance {unknown}
 k - a potion of magic
 l - a potion of heal wounds
 m - 2 potions of haste {unknown}
 n - a potion of invisibility {unknown}
 o - 4 potions of attraction
 r - 4 potions of might {unknown}
 z - a potion of berserk rage {unknown}
 C - a potion of cancellation {unknown}

Dungeon Overview and Level Annotations

Branches:
Dungeon (9/15) Zot: 26445  Temple (1/1) D:6 Zot: 5988    Lair (0/5) D:9
  Sewer (visited)
    Orc: D:9-12

Altars:
Cheibriados
Dithmenos
Elyvilon
Fedhas
Hepliaklqana
Kikubaaqudgha
Makhleb
Nemelex Xobeh
Okawaru
Qazlal
Ru
Sif Muna
Trog
Uskayaw
Vehumet
Wu Jian
Xom
Yredelemnul
Zin
The Shining One

Annotations:
D:6 1 runed translucent door, Roake's ghost, novice HuBr
D:8 1 transporter, 2 exclusions

...............#
................##
...........[.....##
..................##
...................##
......###...........##
###...###............##
##.....##?.....†......##
#..P....#.......@......#
#.P.....#...............
...............gggg.....
...........†.........?..
....>...........g.......
.................###....
.# ..........###....#
.... ..# #..P....###
##...# ... ...#
#.......# ...g .....#


You could see a gnoll sergeant and 4 gnolls.


Message History

Confirm with . or Enter, or press ? or * to list all spells.
Aiming: Stone Arrow (safe; 1% risk of failure)
Press: ? - help, Shift-Dir - straight line, f - elephant
Aim: an elephant (poison gas, heavily wounded, extremely poisoned, 100% to hit)
The stone arrow hits the elephant!
The elephant is engulfed in poison gas.
The elephant looks as sick as possible! 😕 MP[-2]
You lost 2 mp, and now have 11/21 mp.
Casting: Stone Arrow (safe; 1% risk of failure)
Confirm with . or Enter, or press ? or * to list all spells.
Aiming: Stone Arrow (safe; 1% risk of failure)
Press: ? - help, Shift-Dir - straight line, f/p - elephant
Aim: an elephant (almost dead, extremely poisoned, 100% to hit)
The stone arrow hits the elephant but does no damage. 😕 MP[-3]
You lost 3 mp, and now have 8/21 mp.
You hit the elephant but do no damage. The elephant misses you.
The elephant closely misses you. 😕 HP[+1] Unknown command.
The elephant attacks as it pursues you! The elephant barely misses you.
The elephant trunk-slaps you. 😕 HP[-2]
You take 2 damage, and now have 47/56 hp.
Unknown command.
Casting: Stone Arrow (safe; 1% risk of failure)
Confirm with . or Enter, or press ? or * to list all spells.
Aiming: Stone Arrow (safe; 1% risk of failure)
Press: ? - help, Shift-Dir - straight line, f/p - elephant
Aim: an elephant (almost dead, extremely poisoned, 100% to hit)
The stone arrow hits the elephant.
You kill the elephant!
Your Spellcasting skill increases to level 8! 😕 MP[-3]
You lost 3 mp, and now have 5/22 mp.
Aiming: Sandblast (safe; 1% risk of failure)
Press: ? - help, Q - select action, (/) - cycle Shift-Dir - straight line, f - you That would be overly suicidal.
Okay, then.
Unknown command. 😕 HP[+1]
Aiming: Sandblast (safe; 1% risk of failure)
Press: ? - help, Q - select action, (/) - cycle Shift-Dir - straight line, f - gnoll sergeant
Aim: a gnoll sergeant, wielding a +2 spear of venom, wearing a +0 ring mail and wearing a +0 kite shield (91% to hit)
The blast of sand hits the gnoll sergeant.
The gnoll shouts!
You hear a shout!
Aiming: Sandblast (safe; 1% risk of failure)
Press: ? - help, Q - select action, (/) - cycle Shift-Dir - straight line, f/p - gnoll sergeant
Aim: a gnoll sergeant, wielding a +2 spear of venom, wearing a +0 ring mail and wearing a +0 kite shield (lightly wounded, 91% to hit)
The blast of sand hits the gnoll sergeant.
The gnoll sergeant completely misses you.
The gnoll sergeant hits you from afar with a +2 spear of venom! 😮 HP[-11] MP[-1]
You take 11 damage, and now have 37/56 hp.
You lost 1 mp, and now have 4/22 mp.
Aiming: Sandblast (safe; 1% risk of failure)
Press: ? - help, Q - select action, (/) - cycle Shift-Dir - straight line, f/p - gnoll sergeant
Aim: a gnoll sergeant, wielding a +2 spear of venom, wearing a +0 ring mail and wearing a +0 kite shield (moderately wounded, 91% to hit)
The blast of sand hits the gnoll sergeant but does no damage.
The gnoll sergeant hits you from afar with a +2 spear of venom!
* * * LOW HITPOINT WARNING * * *
😨 HP[-9] MP[-1]
You take 9 damage, and now have 28/56 hp.
You lost 1 mp, and now have 3/22 mp.
Aiming: Sandblast (safe; 1% risk of failure)
Press: ? - help, Q - select action, (/) - cycle Shift-Dir - straight line, f/p - gnoll sergeant
Aim: a gnoll sergeant, wielding a +2 spear of venom, wearing a +0 ring mail and wearing a +0 kite shield (moderately wounded, 91% to hit)
The blast of sand hits the gnoll sergeant!
The gnoll sergeant hits you from afar with a +2 spear of venom!
* * * LOW HITPOINT WARNING * * *
You are poisoned.
The gnoll hits you from afar with a +0 spear.
* * * LOW HITPOINT WARNING * * *
The gnoll misses you.
The gnoll sergeant hits you from afar with a +2 spear of venom!
* * * LOW HITPOINT WARNING * * *
😱 HP[-26] MP[-1]
You take 26 damage, and now have 2/56 hp.
MASSIVE DAMAGE!! (PAUSE)
You lost 1 mp, and now have 2/22 mp.
Unknown command.
You feel much better.
You feel very sick. The gnoll misses you.
The gnoll hits you from afar with a +0 spear.
* * * LOW HITPOINT WARNING * * *
The gnoll hits you from afar with a +3 spear!
* * * LOW HITPOINT WARNING * * *
The gnoll sergeant completely misses you. 😱 HP[+5] MP[+1]
You regained 5 hp, and now have 7/56 hp.
Unknown command.
You feel better.
The gnoll hits you from afar with a +0 spear.
* * * LOW HITPOINT WARNING * * *
The gnoll hits you from afar with a +0 spear.
* * * LOW HITPOINT WARNING * * *
The gnoll hits you from afar with a +3 spear!
You die...

Skill      XL: |  1  2  3  4  5  6  7  8  9 10 |
---------------+-------------------------------+-----
Spellcasting   | 3 4 5 6 8 |  8.0
Conjurations   | 2 3 |  3.5
Earth Magic    | 4 6 9 11 | 11.0
Alchemy        | 3 |  3.0
Dodging        | 4 6 |  6.9
Stealth        | |  2.6

Action                     |  1- 3 |  4- 6 |  7- 9 | 10-12 || total
---------------------------+-------+-------+-------+-------++-------
  Melee: Unarmed           |    17 |    39 |       |       ||    56
         Constrict         |     7 |    10 |    18 |     1 ||    36
         Tentacles         |     1 |     7 |    14 |     3 ||    25
         Punch             |     1 |     2 |       |       ||     3
         Staff             |       |       |    39 |     8 ||    47
   Cast: Sandblast         |    36 |    83 |   171 |    49 ||   339
         Stone Arrow       |     1 |    10 |    14 |    14 ||    39
         Petrify           |       |     1 |     7 |     1 ||     9
         Brom's Barrelling |       |       |     9 |    17 ||    26
    Use: Scroll            |     1 |     2 |     4 |     8 ||    15
         Potion            |       |     1 |       |     7 ||     8
   Stab: Sleeping          |       |     1 |       |       ||     1
         Petrified         |       |     2 |       |       ||     2
 Armour: Skin              |    15 |   130 |    78 |    53 ||   276
  Dodge: Dodged            |    21 |   105 |    87 |    61 ||   274

Levels and vault maps discovered:
D:1:      dpeg_chamrin_arrival_tetris, layout_loops_corners,
          nrook_mini_backslash, minmay_tromino_v4_a
D:2:      cheibrodos_pilgrimage, layout_rooms
D:3:      layout_loops_ring, cheibriados_altar_1,
          shapermc_ecumenical_altar_petra, gup_sewer_entry_spiral,
          chequers_mini_garden, hex_large, minmay_fractal_squares_gapless_5,
          uniq_terence
D:4:      lemuel_castle_with_subvaults [lemuel_castle_interior_carwin_3],
          layout_rooms, mainiacjoe_overflow_boulevard,
          lemuel_zombie_altar_yredelemnul, chequers_serial_rivers_room_b
D:5:      layout_gridville, mainiacjoe_overflow_alcove_4, feat_on_display,
          uniq_grinder
D:6:      layout_basic, nicolae_ru_path_of_blood,
          mainiacjoe_overflow_small_starburst, nicolae_overflow_hidden_temple,
          minmay_temple_entry_tees, ebering_ghost_xom, minmay_misc_feat_roman
D:7:      layout_gridville
D:8:      minmay_blocky_corners, layout_rooms, mainiacjoe_overflow_paths,
          mainiacjoe_overflow_24_doors, mainiacjoe_overflow_large_starburst,
          grunt_nemelex_the_gamble, sword_in_stone, uniq_maurice
D:9:      layout_big_octagon, grunt_gozag_statues, david_lair_generic,
          minmay_misc_feat_pillars
Temple:   hellmonk_temple_rainy

Notes
Turn   | Place    | Note
-------+----------+-------------------------------------------
     0 | D:1      | ytrimaz the Octopode Earth Elementalist began the quest for
                  | the Orb.
     0 | D:1      | Reached XP level 1. HP: 11/11 MP: 3/3
     0 | D:1      | magus.rc [v1.9.6]
   260 | D:1      | You pick up a book of Debilitation and begin reading...
   260 | D:1      | You add the spells Slow, Vampiric Draining and Confusing
                  | Touch to your library.
   351 | D:1      | Reached XP level 2. HP: 17/17 MP: 3/5
   692 | D:1      | Reached XP level 3. HP: 21/21 MP: 4/6
  1539 | D:2      | Learned a level 3 spell: Stone Arrow
  1556 | D:2      | Reached skill level 3 in Spellcasting
  1556 | D:2      | Reached skill level 2 in Conjurations
  1556 | D:2      | Reached XP level 4. HP: 15/27 MP: 3/8
  1843 | D:2      | Found the amulet of Elemental Vulnerability {rPois rF--
                  | rC-- AC+8}
  2318 | D:3      | Found a glowing drain.
  2322 | Sewer    | Entered a sewer
  2328 | Sewer    | Learned a level 4 spell: Petrify
  2370 | Sewer    | Reached XP level 5. HP: 25/31 MP: 7/10
  2673 | Sewer    | Reached skill level 4 in Spellcasting
  2673 | Sewer    | Reached skill level 4 in Earth Magic
  2932 | Sewer    | Reached skill level 3 in Conjurations
  2932 | Sewer    | Reached XP level 6. HP: 33/36 MP: 6/12
  3206 | D:3      | Found a snail-covered altar of Cheibriados.
  3405 | D:3      | Noticed Terence
  3412 | D:3      | Killed Terence
  3542 | D:3      | Reached XP level 7. HP: 41/41 MP: 9/14
  3718 | D:3      | You pick up a book of Misfortune and begin reading...
  3718 | D:3      | You add the spells Jinxbite, Yara's Violent Unravelling and
                  | Enfeeble to your library.
  3896 | D:3      | Found a faded altar of an unknown god.
  3988 | D:3      | Learned a level 4 spell: Brom's Barrelling Boulder
  4099 | D:4      | Reached skill level 5 in Spellcasting
  4113 | D:4      | Reached skill level 1 in Alchemy
  4253 | D:4      | Reached skill level 5 in Earth Magic
  4253 | D:4      | Reached skill level 2 in Alchemy
  4609 | D:4      | Reached skill level 3 in Alchemy
  4697 | D:4      | Reached skill level 6 in Earth Magic
  4788 | D:4      | Reached XP level 8. HP: 46/46 MP: 13/15
  5148 | D:4      | Reached skill level 7 in Earth Magic
  5268 | D:4      | Found an iron altar of Okawaru.
  5432 | D:4      | You add the spells Gell's Gravitas, Teleport Other and
                  | Dispersal to your library.
  5443 | D:4      | Found a basalt altar of Yredelemnul.
  5501 | D:5      | Entered Level 5 of the Dungeon
  5662 | D:5      | Reached skill level 8 in Earth Magic
  5748 | D:5      | Found a hazy altar of Hepliaklqana.
  5779 | D:5      | Reached skill level 9 in Earth Magic
  5971 | D:5      | Noticed Grinder
  5972 | D:5      | Paralysed by Grinder for 3 turns
  5978 | D:5      | Paralysed by Grinder for 2 turns
  5986 | D:5      | Killed Grinder
  5987 | D:5      | Reached XP level 9. HP: 33/51 MP: 1/16
  6324 | D:5      | Reached skill level 10 in Earth Magic
  6456 | D:6      | Found a runed translucent door.
  6457 | D:6      | Found a shimmering altar of Xom.
  6457 | D:6      | Noticed Roake's ghost (novice HuBr)
  6458 | D:6      | Noticed a +0 hand axe of chaos
  6482 | D:6      | Found a glowing golden altar of the Shining One.
  6499 | D:6      | Found a sacrificial altar of Ru.
  6636 | D:6      | Found a staircase to the Ecumenical Temple.
  6646 | Temple   | Entered the Ecumenical Temple
  6783 | D:6      | You pick up a book of Blasting and begin reading...
  6783 | D:6      | You add the spells Volatile Blastmotes, Fulminant Prism and
                  | Iskenderun's Mystic Blast to your library.
  6844 | D:6      | Found a shimmering altar of Xom.
  7460 | D:7      | Reached skill level 11 in Earth Magic
  7464 | D:7      | Reached skill level 3 in Dodging
  7674 | D:7      | Reached skill level 6 in Spellcasting
  7874 | D:7      | Reached skill level 4 in Dodging
  8041 | D:7      | Reached XP level 10. HP: 56/56 MP: 11/19
  8563 | D:8      | Reached skill level 5 in Dodging
  8580 | D:8      | You pick up a book of Conjurations and begin reading...
  8580 | D:8      | You add the spells Magic Dart and Searing Ray to your
                  | library.
  8731 | D:8      | Noticed Maurice
  8742 | D:8      | Maurice stole the amulet of Elemental Vulnerability {rPois
                  | rF-- rC-- AC+8}
  8743 | D:8      | Maurice stole a throwing net
  8745 | D:8      | Maurice stole 476 gold
  8747 | D:8      | HP: 9/56 [Maurice/+0 short sword (8)]
  8749 | D:8      | Killed Maurice
  8750 | D:8      | Reached skill level 7 in Spellcasting
  8936 | D:8      | Found a shimmering blue altar of Sif Muna.
  9127 | D:8      | Found a burning altar of Makhleb.
  9280 | D:8      | You pick up a book of the Moon and begin reading...
  9280 | D:8      | You add the spells Passage of Golubria, Silence and
                  | Lehudib's Crystal Spear to your library.
  9333 | D:8      | Found a sparkling altar of Nemelex Xobeh.
  9333 | D:8      | Found a transporter.
  9334 | D:8      | Noticed an orc knight
  9357 | D:8      | Noticed a centaur warrior
  9391 | D:8      | Found a hide-covered altar of Uskayaw.
  9391 | D:8      | Found an ancient bone altar of Kikubaaqudgha.
  9655 | D:9      | Found a staircase to the Lair.
  9705 | D:9      | Reached skill level 6 in Dodging
  9738 | D:9      | Noticed an elephant
 10169 | D:9      | HP: 10/56 [elephant (18)]
 10177 | D:9      | HP: 11/56 [black bear (1)]
 10190 | D:9      | Killed an elephant
 10191 | D:9      | Reached skill level 8 in Spellcasting
 10195 | D:9      | HP: 2/56 [gnoll sergeant/+2 spear of venom (13)]
 10197 | D:9      | Slain by a gnoll

Vanquished Creatures
  Maurice (D:8)
  An elephant (D:9)
  Grinder (D:5)
  2 wyverns
  A wraith (D:9)
  A basilisk (D:9)
  A steam dragon (D:7)
  An acid dragon (D:9)
  3 water moccasins (D:5)
  2 orc warriors
  A sky beast (D:6)
  4 black bears
  3 ice beasts
  2 ogres
  A phantom (D:6)
  3 gnoll sergeants (D:8)
  4 bullfrogs
  4 scorpions
  4 wights (D:7)
  3 killer bees (D:8)
  6 howler monkeys
  A bombardier beetle (D:3)
  5 gnoll boudas
  4 orc priests
  2 sleepcaps (D:7)
  3 hounds
  Terence (D:3)
  2 iguanas (D:5)
  2 orc wizards (D:7)
  2 hound zombies (D:4)
  13 adders
  30 gnolls
  5 river rats (Sewer)
  3 shadow imps
  3 dart slugs
  A ribbon worm (D:3)
  28 orcs
  8 bats
  7 endoplasms
  2 giant cockroaches (D:3)
  8 hobgoblins
  19 jackals
  4 kobolds
  5 quokkas
  10 ball pythons
  5 frilled lizards
  5 goblins
  19 rats
246 creatures vanquished.

Table legend:
 A = Non-vault XP
 B = Vault XP
 C = Vault XP percentage of total XP
 D = Non-vault monster count
 E = Vault monster count
 F = Vault count percentage of total count
                 A         B        C        D         E       F
            +---------+---------+-------+---------+---------+-------
      Total |    4711 |    3340 |  41.5 |     132 |     114 |  46.3
            +---------+---------+-------+---------+---------+-------
        D:1 |      46 |       3 |   6.1 |      26 |       2 |   7.1
        D:2 |      15 |      47 |  75.8 |       9 |       3 |  25.0
        D:3 |      64 |      92 |  59.0 |      13 |      11 |  45.8
        D:4 |     271 |     671 |  71.2 |      14 |      54 |  79.4
        D:5 |    1156 |     262 |  18.5 |      17 |       1 |   5.6
        D:6 |     355 |       0 |   0.0 |       7 |       0 |   0.0
        D:7 |    1606 |       0 |   0.0 |      30 |       0 |   0.0
        D:8 |     638 |    1147 |  64.3 |      13 |       6 |  31.6
        D:9 |     560 |     755 |  57.4 |       3 |       3 |  50.0
      Sewer |       0 |     363 | 100.0 |       0 |      34 | 100.0
            +---------+---------+-------+---------+---------+-------

Skill      XL: |  1  2  3  4  5  6  7  8  9 10 |
---------------+-------------------------------+-----
Spellcasting   | 3 4 5 6 8 |  8.0
Conjurations   | 2 3 |  3.5
Earth Magic    | 4 6 9 11 | 11.0
Alchemy        | 3 |  3.0
Dodging        | 4 6 |  6.9
Stealth        | |  2.6

Action                     |  1- 3 |  4- 6 |  7- 9 | 10-12 || total
---------------------------+-------+-------+-------+-------++-------
  Melee: Unarmed           |    17 |    39 |       |       ||    56
         Constrict         |     7 |    10 |    18 |     1 ||    36
         Tentacles         |     1 |     7 |    14 |     3 ||    25
         Punch             |     1 |     2 |       |       ||     3
         Staff             |       |       |    39 |     8 ||    47
   Cast: Sandblast         |    36 |    83 |   171 |    49 ||   339
         Stone Arrow       |     1 |    10 |    14 |    14 ||    39
         Petrify           |       |     1 |     7 |     1 ||     9
         Brom's Barrelling |       |       |     9 |    17 ||    26
    Use: Scroll            |     1 |     2 |     4 |     8 ||    15
         Potion            |       |     1 |       |     7 ||     8
   Stab: Sleeping          |       |     1 |       |       ||     1
         Petrified         |       |     2 |       |       ||     2
 Armour: Skin              |    15 |   130 |    78 |    53 ||   276
  Dodge: Dodged            |    21 |   105 |    87 |    61 ||   274

Illustrated notes

Table legend:
 A = Kills in this place as a percentage of kills in the entire game.
 B = Kills by you in this place as a percentage of kills by you in the entire game.
 C = Kills by friends in this place as a percentage of kills by friends in the entire game.
 D = Other kills in this place as a percentage of other kills in the entire game.
 E = Experience gained in this place as a percentage of experience gained in the entire game.
 F = Experience gained in this place divided by the number of levels of this place that you have seen.
                   A       B       C       D       E      F
               +-------+-------+-------+-------+-------+----------------------
         Total | 100.0 | 100.0 |   N/A |   N/A | 100.0 | 731.9
       Dungeon |  86.2 |  86.2 |   N/A |   N/A |  95.5 | 854.2
         Sewer |  13.8 |  13.8 |   N/A |   N/A |   4.5 | 363.0
               +-------+-------+-------+-------+-------+----------------------

Table legend: (Time is in decaauts)
 A = Elapsed time spent in this place.
 B = Non-inter-level travel time spent in this place.
 C = Inter-level travel time spent in this place.
 D = Time resting spent in this place.
 E = Time spent auto-exploring this place.
 F = Levels seen in this place.
 G = Mean time per level.
                   A        B        C        D        E       F      G
               +--------+--------+--------+--------+--------+-----+--------+
         Total |  10371 |  10097 |    274 |    276 |   8110 |  11 |  942.8 |
       Dungeon |   9590 |   9321 |    269 |    276 |   7525 |   9 | 1065.6 |
        Temple |     11 |      6 |      5 |      0 |      0 |   1 |   11.0 |
         Sewer |    769 |    769 |      0 |      0 |    585 |   1 |  769.0 |
               +--------+--------+--------+--------+--------+-----+--------+

Top non-repeatable levels by time:
     D:8: 1511 daAuts
     D:4: 1509 daAuts
     D:1: 1377 daAuts
     D:7: 1365 daAuts
     D:3: 1263 daAuts
     D:5: 967 daAuts
   Sewer: 769 daAuts
     D:2: 691 daAuts
     D:6: 625 daAuts
     D:9: 278 daAuts
  Temple: 11 daAuts
